 Dungeon Crawl Stone Soup version 0.24.0-41-g2ae2f7f1be (webtiles) character file.

Game seed: 3003976358382572406, levelgen mode: deterministic

2984 Almogavar the Basher (level 9, -3/77 (78) HPs)
             Began as a Minotaur Fighter on Dec 14, 2019.
             Was a Believer of Okawaru.
             Killed from afar by an electric eel (11 damage)
             ... with a bolt of electricity
             ... on level 8 of the Dungeon.
             The game lasted 00:23:28 (6546 turns).

Almogavar the Basher (Minotaur Fighter)             Turns: 6546, Time: 00:23:31

HP:   -3/77 (78)    AC: 18    Str: 24    XL:     9   Next: 53%
MP:   6/8           EV: 12    Int:  5    God:    Okawaru [**....]
Gold: 502           SH: 13    Dex: 10    Spells: 8/8 levels left

rFire    . . .     SeeInvis .   a - +1 flail
rCold    + . .     Gourm    .   c - +0 shield
rNeg     . . .     Faith    .   l - +0 chain mail
rPois    .         Spirit   .   (helmet restricted)
rElec    .         Reflect  .   y - +0 cloak
rCorr    .         Harm     .   t - +0 pair of gloves
MR       .....                  (no boots)
Stlth    ..........             (no amulet)
HPRegen  0.22/turn              m - +3 ring of protection
MPRegen  0.11/turn              A - ring of protection from cold

@: heroism, very slow
A: retaliatory headbutt, horns 2
a: Heroism, Renounce Religion


You were on level 8 of the Dungeon.
You worshipped Okawaru.
Okawaru was pleased with you.
You were not hungry.

You visited 2 branches of the dungeon, and saw 9 of its levels.
You also visited: Ossuary.

You collected 502 gold pieces.

Inventory:

Hand Weapons
 a - a +1 flail (weapon)
Missiles
 g - 98 arrows
Armour
 c - a +0 shield (worn)
 l - a +0 chain mail (worn)
 t - a +0 pair of gloves (worn)
 y - a +0 cloak (worn)
Jewellery
 m - a +3 ring of protection (left hand)
 A - a ring of protection from cold (right hand)
Wands
 w - a wand of paralysis (6)
 D - a wand of iceblast (12)
 E - a wand of flame (20)
 F - a wand of scattershot (2)
 G - a wand of polymorph (6)
Scrolls
 i - 9 scrolls of teleportation
 k - a scroll of identify
 n - a scroll of enchant weapon
 o - 7 scrolls of remove curse
 s - 2 scrolls of fear
 u - 2 scrolls of blinking
 v - a scroll of amnesia {unknown}
 x - a scroll of magic mapping {unknown}
 z - 3 scrolls of enchant armour {unknown}
Potions
 b - 2 potions of cancellation
 d - 2 potions of might
 e - a potion of ambrosia {unknown}
 h - a potion of resistance {unknown}
 j - 2 potions of haste
 p - 6 potions of curing
 q - 3 potions of heal wounds {unknown}
 r - 2 potions of agility
 B - 3 potions of brilliance
 C - 2 potions of flight {unknown}
 H - a potion of magic {unknown}
Comestibles
 f - 21 rations
 I - 4 chunks of flesh


   Skills:
 + Level 6.8(11.8) Fighting
 + Level 10.5(15.5) Maces & Flails
 + Level 7.1(12.1) Armour
 + Level 4.4(9.4) Dodging
 + Level 1.3(6.3) Stealth
 + Level 7.6(12.6) Shields


You had 8 spell levels left.
You didn't know any spells.
Your spell library contained the following spells:

 Spells                   Type           Power        Failure   Level  Hunger
 Animate Skeleton         Necr           N/A          98%         1    ##.....
 Confusing Touch          Hex            #.....       98%         1    ##.....
 Pain                     Necr           #...         98%         1    ##.....
 Confuse                  Hex            #.......     100%        3    ####...
 Gell's Gravitas          Tloc           #.........   100%        3    ####...
 Regeneration             Chrm/Necr      #.........   100%        3    ####...
 Vampiric Draining        Necr           #.........   100%        3    ####...
 Animate Dead             Necr           N/A          100%        4    #####..
 Petrify                  Tmut/Erth      #.......     100%        4    #####..
 Metabolic Englaciation   Hex/Ice        #.........   100%        5    ######.
 Yara's Violent Unravell  Hex/Tmut       #.........   100%        5    ######.


Dungeon Overview and Level Annotations

Branches:
Dungeon (8/15)             Temple (1/1) D:6         Ossuary (visited)
   Lair: D:8-11

Altars:
Kikubaaqudgha
Nemelex Xobeh
Okawaru
Qazlal
Ru
Sif Muna
Uskayaw


Innate Abilities, Weirdness & Mutations

You reflexively headbutt those who attack you in melee.
You have a pair of horns on your head.


Message History

You miss the electric eel.
You gain the combat prowess of a mighty hero.
The electric eel shoots out a bolt of lightning at you!
The bolt of electricity hits you!
* * * LOW HITPOINT WARNING * * *
You hit the electric eel.
The electric eel is moderately wounded.
The electric eel shoots out a bolt of lightning at you!
The bolt of electricity hits you!
* * * LOW HITPOINT WARNING * * *
You miss the electric eel. You headbutt the electric eel!
You kill the electric eel!
Okawaru accepts your kill.
You enter the shallow water.
Moving in this stuff is going to be slow.
The electric eel shoots out a bolt of lightning at you!
The bolt of electricity hits you.
* * * LOW HITPOINT WARNING * * *
The bolt of electricity hits you!
You die...

.#..[........≈≈≈≈#
###..........≈≈≈≈##
#............≈≈≈≈≈#
............≈≈≈≈≈≈##
........#....≈≈≈≈≈≈###
#......##..#..≈≈≈≈≈≈≈
#.....##.......≈≈≈≈≈≈
.....#####.....;≈##≈≈
..#### ##.....@# ..#
#....≈## ..# #.....#
.## #.....# ## #.....#
#.....# # #.....# ##
#.....# .# #.....#


You could see an electric eel.

Vanquished Creatures
  Psyche (D:8)
  A hippogriff (D:8)
  A spriggan (D:7)
  An orc warrior (D:7)
  A sky beast (D:8)
  2 phantoms
  A necrophage (D:6)
  An ogre (D:8)
  2 centaurs
  A bullfrog (D:7)
  A scorpion (D:6)
  An electric eel (D:8)
  2 jellies
  2 crimson imps (D:8)
  A bullfrog zombie (D:7)
  A centaur zombie (D:8)
  5 hounds
  8 orc priests
  A centaur skeleton (D:5)
  5 orc wizards
  A gnoll shaman (D:8)
  2 iguanas
  8 worker ants
  4 big kobold zombies (Ossuary)
  2 hound skeletons
  A mummy (Ossuary)
  2 worker ant zombies
  7 adders
  13 gnolls
  A howler monkey skeleton (D:4)
  An ooze (D:7)
  An adder skeleton (D:4)
  3 worms
  5 leopard geckos
  23 orcs
  3 spectral bats (Ossuary)
  6 giant cockroaches
  8 gnoll zombies (Ossuary)
  7 goblins
  7 hobgoblins
  6 jackals
  7 quokkas
  3 ball pythons
  6 bats
  2 bat simulacra (Ossuary)
  4 frilled lizards
  A giant cockroach zombie (D:6)
  2 goblin simulacra (Ossuary)
  2 goblin zombies (Ossuary)
  5 hobgoblin zombies (Ossuary)
  8 kobolds
  2 kobold simulacra (Ossuary)
  7 kobold zombies (Ossuary)
  4 orc zombies (Ossuary)
  8 rats
  4 rat simulacra (Ossuary)
  6 spectral goblins (Ossuary)
  4 spectral kobolds (Ossuary)
  2 spectral rats (Ossuary)
227 creatures vanquished.

Vanquished Creatures (others)
  A gnoll (D:8)
  An orc (D:8)
2 creatures vanquished.

Grand Total: 229 creatures vanquished

Notes
Turn   | Place    | Note
-------+----------+-------------------------------------------
     0 | D:1      | Almogavar the Minotaur Fighter began the quest for the Orb.
     0 | D:1      | Reached XP level 1. HP: 19/19 MP: 0/0
   258 | D:1      | Reached XP level 2. HP: 20/27 MP: 1/1
   628 | D:2      | Reached skill level 1 in Dodging
   783 | D:2      | Reached XP level 3. HP: 33/33 MP: 2/2
   862 | D:2      | Reached skill level 3 in Maces & Flails
   870 | D:2      | Reached XP level 4. HP: 23/40 MP: 3/3
  2100 | D:3      | Found a sacrificial altar of Ru.
  2232 | D:3      | Reached skill level 4 in Maces & Flails
  2232 | D:3      | Reached XP level 5. HP: 25/46 MP: 4/4
  2651 | D:4      | Reached skill level 1 in Stealth
  2699 | D:3      | Reached skill level 5 in Maces & Flails
  2728 | D:4      | Reached skill level 5 in Shields
  2728 | D:4      | Reached XP level 6. HP: 49/52 MP: 5/5
  3021 | D:4      | Reached skill level 5 in Armour
  3143 | D:4      | Reached skill level 6 in Maces & Flails
  3143 | D:4      | Reached XP level 7. HP: 60/60 MP: 6/6
  3518 | D:5      | Entered Level 5 of the Dungeon
  3715 | D:5      | Reached skill level 5 in Fighting
  3718 | D:5      | Reached skill level 7 in Maces & Flails
  4143 | D:6      | Found a staircase to the Ecumenical Temple.
  4153 | Temple   | Entered the Ecumenical Temple
  4162 | Temple   | Became a worshipper of Warmaster Okawaru
  4274 | D:6      | Reached XP level 8. HP: 66/68 MP: 7/7
  4392 | D:6      | Found a stormy altar of Qazlal.
  4567 | D:7      | Reached skill level 8 in Maces & Flails
  4780 | D:7      | Found a sand-covered staircase.
  4789 | Ossuary  | Entered an ossuary
  5013 | Ossuary  | Reached * piety under Okawaru
  5213 | D:7      | Reached skill level 9 in Maces & Flails
  5454 | D:7      | Reached ** piety under Okawaru
  5783 | D:8      | Reached XP level 9. HP: 58/74 MP: 8/8
  5931 | D:8      | Reached skill level 10 in Maces & Flails
  6449 | D:8      | Noticed Psyche
  6455 | D:8      | Killed Psyche
  6546 | D:8      | Killed from afar by an electric eel

Levels and vault maps discovered:
D:1:      giann_wishing_wells, layout_basic
D:2:      layout_loops_ring
D:3:      layout_loops_cross, nicolae_ru_path_of_blood
D:4:      layout_basic, st_stairs_13, hangedman_abyss_or_decor_jellyfish_corner,
          minmay_three_crescents
D:5:      layout_basic, first_ration
D:6:      layout_basic, kennysheep_mini, temple_hall
D:7:      layout_basic, lightli_ossuary_entry_decrepit_ruins, the_bakery
D:8:      statuecave_lemuel, layout_cave_pools, nicolae_overflow_hidden_temple,
          st_stairs_7, uniq_psyche
Temple:   compressed_dpeg_circular_temple

Skill      XL: |  1  2  3  4  5  6  7  8  9 |
---------------+----------------------------+-----
Shields        | 4 5 6 7 |  7.6
Dodging        | 1 2 3 4 |  4.4
Maces & Flails | 3 4 5 6 7 9 10 | 10.5
Armour         | 4 5 6 7 |  7.1
Fighting       | 4 5 6 |  6.8
Stealth        | 1 |  1.3

Action                   |  1- 3 |  4- 6 |  7- 9 || total
-------------------------+-------+-------+-------++-------
Melee: Flail             |    76 |   178 |   396 ||   650
       Headbutt          |    10 |    36 |    86 ||   132
Invok: Heroism           |       |       |     2 ||     2
  Use: Scroll            |       |     4 |    12 ||    16
       Potion            |       |       |     1 ||     1
  Eat: Chunk             |       |     7 |    10 ||    17
       Ration            |       |       |     1 ||     1
Armor: Scale mail        |    12 |       |       ||    12
       Chain mail        |    18 |    77 |   180 ||   275
Dodge: Dodged            |    32 |    44 |    96 ||   172
Block: Shield            |    49 |    91 |   192 ||   332
